 Dungeon Crawl Stone Soup version 0.19-a0-1893-ge087f11 (webtiles) character file.

23 Dfrag the Ruffian (level 2, -7/29 HPs)
             Began as a Troll Monk on Dec 7, 2016.
             Was a Priest of Uskayaw.
             Mangled by Sigmund
             ... wielding a +0 scythe
              (12 damage)
             ... on level 2 of the Dungeon.
             The game lasted 00:01:01 (1243 turns).

Dfrag the Ruffian (Troll Monk)                      Turns: 1243, Time: 00:01:02

Health: -7/29      AC:  5    Str: 18    XL:     2   Next: 72%
Magic:  1/1        EV: 10    Int:  6    God:    Uskayaw [***...]
Gold:   80         SH:  0    Dex: 12    Spells: 1/1 levels left

rFire  . . .     SeeInvis .       - Unarmed
rCold  . . .     Faith    .     a - +0 robe
rNeg   . . .     Spirit   .     (no shield)
rPois  .         Reflect  .     (helmet restricted)
rElec  .                        (no cloak)
rCorr  .                        (gloves unavailable)
MR     .....                    (boots unavailable)
Stlth  +.........               (no amulet)
                                (no ring)
                                (no ring)

@: confused
A: unfitting armour, claws 3, regeneration 1, shaggy fur 1, tough skin 2
a: Stomp, Line Pass, Renounce Religion


You were on level 2 of the Dungeon.
You worshipped Uskayaw.
Uskayaw was noncommittal.
You were not hungry.

You visited 1 branch of the dungeon, and saw 2 of its levels.

You collected 80 gold pieces.

Inventory:

Armour
 a - a +0 robe (worn)
Scrolls
 b - a scroll of teleportation {unknown}
 e - 5 scrolls of identify {unknown}
 g - a scroll of amnesia {unknown}
 k - a scroll of fear {unknown}
Potions
 c - a potion of curing {unknown}
 d - 2 potions of might {unknown}
 f - a potion of cancellation {unknown}
 h - 2 potions of brilliance {unknown}
 i - a potion of flight {unknown}
 j - a potion of magic {unknown}
 l - a potion of haste {unknown}


   Skills:
 + Level 2.6 Fighting
 - Level 2.4 Dodging
 + Level 1.5 Stealth
 + Level 3.4 Unarmed Combat


You had one spell level left.
You didn't know any spells.

Dungeon Overview and Level Annotations

Branches:
Dungeon (2/15)
   Lair: D:-1         Crypt: Vaults:-1     Tomb: Vaults:-1

Altars:
Ashenzari
Uskayaw

Annotations:
D:2 Sigmund


Innate Abilities, Weirdness & Mutations

You are too large for most types of armour.
You have claws for hands.
Your natural rate of healing is unusually fast.
You are covered in fur. (AC +1)
You have very tough skin. (AC +2)


Message History

Sigmund hits you with a scythe (5).
* * * LOW HITPOINT WARNING * * *
You're too confused!
You're too confused!
You scratch Sigmund (5).
Sigmund is moderately wounded.
Uskayaw will force your foes to helplessly watch your dance.
Uskayaw prepares the audience for your solo!
Unknown command.
Sigmund is no longer paralysed.
Sigmund gestures wildly while chanting.
Sigmund flickers and vanishes!
Deactivating autopickup; reactivate with Ctrl-A.
Things that are here:
a whip; a kobold corpse Unknown command.
You bump into the rock wall.
Something hits you (1).
* * * LOW HITPOINT WARNING * * *
Something hits you (12)!
You die...

# # ..... # .##....# #.#
# ##.#...>.... #.# #
##.#......#.<. #.# #
##.#.##.##.##.# #.# #
##.............##### #.#
###.#...#..##..#{....#
#.#
............#..#@....#
#.###
................)....#
##...##
>...........##.#.....#
##.###.##
#####.(.#(..##.#.....#
#.## ##.# #
#...#........##### #.#
#.# # #######.###### #.##
##.# # #...#### ##.###.##
###.#....# ########...##
#.._..##.#####.....###.##


There were no monsters in sight!

Vanquished Creatures
  A leopard gecko (D:2)
  4 goblins (D:1)
  5 hobgoblins
  4 kobolds
  A ball python (D:1)
  2 bats (D:1)
  4 rats
21 creatures vanquished.

Notes
Turn   | Place    | Note
-------+----------+-------------------------------------------
     0 | D:1      | Dfrag the Troll Monk began the quest for the Orb.
     0 | D:1      | Reached XP level 1. HP: 22/22 MP: 0/0
   613 | D:1      | Reached XP level 2. HP: 29/29 MP: 1/1
   983 | D:2      | Found a hide-covered altar of Uskayaw.
  1033 | D:2      | Became a worshipper of Uskayaw the Reveler
  1033 | D:2      | Reached * piety under Uskayaw
  1151 | D:2      | Found a shattered altar of Ashenzari.
  1224 | D:2      | Noticed Sigmund
  1229 | D:2      | Reached ** piety under Uskayaw
  1240 | D:2      | Reached *** piety under Uskayaw
  1243 | D:2      | Mangled by Sigmund

Vault maps used:
D:1:      dpeg_cavernosity
D:2:      eat_drink_and_be_merry_uskayaw, ashenzari_altar_1, uniq_sigmund

Action                   || total
-------------------------++-------
Melee: Unarmed           ||    52
 Stab: Sleeping          ||     4
Armor: Robe              ||    14
Dodge: Dodged            ||    18
